 Dungeon Crawl Stone Soup version 0.29-a0-857-g9b1aa3ac5b (webtiles) character file.

Game seed: 11377030434951833797

418 mathmaestro the Grave Robber (level 6, 47/47 HPs)
             Began as a Demonspawn Necromancer on July 16, 2022.
             Quit the game on level 4 of the Dungeon on July 17, 2022.
             The game lasted 00:09:11 (4374 turns).

mathmaestro the Grave Robber (DsNe)                 Turns: 4374, Time: 00:09:12

Health: 47/47      AC:  5    Str:  8    XL:     6   Next: 61%
Magic:  11/11      EV: 29    Int: 19    God:
Gold:   190        SH:  0    Dex: 13    Spells: 4/12 levels left

rFire   . . .      SeeInvis .   i - +1 whip (elec)
rCold   . . .      Faith    .   (no shield)
rNeg    . . .      Spirit   .   q - +0 troll leather armour
rPois   .          Reflect  .   (helmet restricted)
rElec   .          Harm     .   (no cloak)
rCorr   .          Rampage  .   c - +0 pair of gloves
Will    .....                   (no boots)
Stlth   ++........              h - amulet of the acrobat
HPRegen 0.95/turn               (no ring)
MPRegen 0.12/turn               (no ring)

@: acrobatic
A: horns 1, repulsion field 2, spiny 1
a: no special abilities


You were on level 4 of the Dungeon.
You visited 1 branch of the dungeon, and saw 4 of its levels.

You collected 190 gold pieces.

Inventory:

Hand Weapons
 i - a +1 whip of electrocution (weapon)
 k - a +0 hand axe
Missiles
 d - 3 boomerangs
 s - a throwing net
Armour
 c - a +0 pair of gloves (worn)
 q - a +0 troll leather armour (worn)
Jewellery
 h - an amulet of the acrobat (around neck)
Scrolls
 f - 3 scrolls of teleportation {unknown}
 g - a scroll of enchant armour {unknown}
 j - a scroll of identify {unknown}
 m - 2 scrolls of immolation {unknown}
 o - a scroll of fog {unknown}
 p - a scroll of magic mapping {unknown}
Potions
 a - 4 potions of curing {unknown}
 b - 2 potions of magic
 e - 2 potions of heal wounds {unknown}
 l - a potion of brilliance {unknown}
 n - 2 potions of lignification {unknown}
 r - a potion of mutation {unknown}


   Skills:
 + Level 3.1 Fighting
 + Level 2.6 Armour
 - Level 2.0 Dodging
 - Level 2.0 Stealth
 + Level 3.6 Spellcasting
 + Level 5.7 Necromancy


You had 4 spell levels left.
You knew the following spells:

 Your Spells              Type           Power      Damage    Failure   Level
a - Necrotise             Necr           100%       1d9       1%          1
b - Vampiric Draining     Necr           25%        2d7       5%          3
c - Animate Dead          Necr           25%        N/A       19%         4

Your spell library contained the following spells:

 Spells                   Type           Power      Damage    Failure   Level
 Shock                    Conj/Air       12%        1d3       21%         1
 Ozocubu's Armour         Ice            3%         N/A       52%         3
 Swiftness                Air            3%         N/A       52%         3
 Airstrike                Air            1%         0-2+      89%         4
 Agony                    Necr           25%        N/A       45%         5
 Ozocubu's Refrigeration  Ice            1%         4d5       100%        7


Dungeon Overview and Level Annotations

Branches:
Dungeon (4/15)
 Temple: D:4-7

Altars:
Dithmenos

Annotations:
D:2 1 runed translucent door, Crazy Yiuf


Innate Abilities, Weirdness & Mutations

You have a pair of small horns on your head.
You are surrounded by a moderate repulsion field. (EV +3)
You are partially covered in sharp spines.


Message History

The orc hits your bullfrog zombie with a +0 hand axe!
Your bullfrog zombie is destroyed!
There is an open door here.
You see here a +0 flail.
You hit the orc. Lightning courses through the orc!
You kill the orc!
The scorpion completely misses you. The scorpion closely misses you.
Things that are here:
a +0 hand axe; an orc corpse You hit the scorpion but do no damage.
You headbutt the scorpion, but do no damage.
The scorpion is struck by your spines. The scorpion misses you.
You closely miss the scorpion. Your headbutt misses the scorpion.
The scorpion is moderately wounded.
The scorpion is struck by your spines. The scorpion stings you!
You are poisoned.
The scorpion poisons you!
You hit the scorpion. You punch the scorpion.
The scorpion is severely wounded.
You feel sick. The scorpion misses you. The scorpion is struck by your spines.
The scorpion stings you.
You hit the scorpion but do no damage. Lightning courses through the scorpion!
You kill the scorpion!
You feel sick. The goblin barely misses you.
You hit the goblin. Lightning courses through the goblin!
You kill the goblin!
You feel sick.
You feel sick.
Things that are here:
a +0 club; a +0 falchion; a +0 flail You feel sick.
You feel sick.
You are no longer poisoned.
Things that are here:
a +0 short sword; a +0 ring mail; a +0 dagger You start resting.
Magic restored.
You start resting.
HP restored.
Are you sure you want to abandon this character and quit the game? (Confirm with "yes".)

#..............
#....##........
#....##.#......
#....##.#######
#....##.# # # #....##.#
# #.. ###.....# #
#....#######.....#
#......@.))).....#
##...#######.....#######
#. ................
################


There were no monsters in sight!

Vanquished Creatures
  A phantom (D:4)
  A bullfrog (D:4)
  A scorpion (D:4)
  Terence (D:2)
  4 gnolls (D:4)
  2 adders
  A worm (D:2)
  4 dart slugs
  13 orcs
  5 ball pythons
  5 bats
  An endoplasm (D:1)
  A giant cockroach (D:4)
  11 goblins
  10 hobgoblins
  3 jackals (D:1)
  7 kobolds
  6 quokkas
  A frilled lizard (D:3)
  6 rats
84 creatures vanquished.

Vanquished Creatures (collateral kills)
  An orc priest (D:4)
  A kobold (D:1)
  A goblin (D:2)
3 creatures vanquished.

Vanquished Creatures (others)
  A bullfrog zombie (D:4)
  5 orc zombies (D:4)
  A fungus (D:3)
  8 plants (D:3)
15 creatures vanquished.

Grand Total: 102 creatures vanquished

Notes
Turn   | Place    | Note
-------+----------+-------------------------------------------
     0 | D:1      | mathmaestro the Demonspawn Necromancer began the quest for
                  | the Orb.
     0 | D:1      | Reached XP level 1. HP: 13/13 MP: 3/3
   362 | D:1      | Gained mutation: You have a pair of small horns on your
                  | head. [demonic ancestry]
   362 | D:1      | Reached XP level 2. HP: 20/20 MP: 1/5
   751 | D:1      | Reached skill level 1 in Fighting
  1144 | D:1      | Gained mutation: You are surrounded by a mild repulsion
                  | field. (EV +2) [demonic ancestry]
  1144 | D:1      | Reached XP level 3. HP: 21/26 MP: 6/6
  1234 | D:1      | Learned a level 3 spell: Vampiric Draining
  1805 | D:2      | Noticed Terence
  1808 | D:2      | Identified the +1 robe of the Lonely Ghosts {Contam rElec
                  | Regen+ Slay-3}
  1829 | D:2      | Killed Terence
  1830 | D:2      | Reached skill level 1 in Armour
  1830 | D:2      | Reached XP level 4. HP: 27/32 MP: 1/7
  2291 | D:2      | Found a runed translucent door.
  2292 | D:2      | Noticed Crazy Yiuf
  2480 | D:3      | Found a shadowy altar of Dithmenos.
  2726 | D:3      | Found a faded altar of an unknown god.
  2761 | D:3      | Reached skill level 5 in Necromancy
  3722 | D:3      | Learned a level 4 spell: Animate Dead
  3939 | D:4      | Gained mutation: You are surrounded by a moderate repulsion
                  | field. (EV +3) [demonic ancestry]
  3939 | D:4      | Reached XP level 5. HP: 38/38 MP: 9/9
  4114 | D:4      | Noticed a phantom
  4159 | D:4      | Killed a phantom
  4318 | D:4      | Gained mutation: You are partially covered in sharp spines.
                  | [demonic ancestry]
  4318 | D:4      | Reached XP level 6. HP: 46/46 MP: 4/11
  4374 | D:4      | Quit the game

Illustrated notes

Levels and vault maps discovered:
D:1:      dpeg_arrival_another_circle, layout_basic
D:2:      layout_rooms, grunt_decor_mini_mirrors, minmay_liquid_box,
          minivault_19, uniq_crazy_yiuf_cottage, uniq_terence
D:3:      layout_basic, mainiacjoe_overflow_cross_hatched,
          shapermc_ecumenical_altar_petra, kennysheep_cross_room,
          chequers_big_river, chequers_serial_rivers_large_b
D:4:      layout_basic, minmay_tree_intersection

Skill      XL: |  1  2  3  4  5  6 |
---------------+-------------------+-----
Stealth        | 2 |  2.0
Dodging        | 2 |  2.0
Fighting       | 1 2 3 |  3.1
Armour         | 1 2 |  2.6
Necromancy     | 5 |  5.7
Spellcasting   | 3 |  3.6

Action                   |  1- 3 |  4- 6 || total
-------------------------+-------+-------++-------
Melee: Unarmed           |    15 |       ||    15
       Whip              |    51 |   112 ||   163
       Headbutt          |     2 |    18 ||    20
       Club              |     2 |       ||     2
       Short sword       |     1 |       ||     1
       Punch             |       |     1 ||     1
 Cast: Necrotise         |    31 |    45 ||    76
       Vampiric Draining |     1 |     2 ||     3
       Animate Dead      |       |     1 ||     1
 Stab: Sleeping          |     3 |       ||     3
       Distracted        |       |     1 ||     1
Armor: Robe              |     3 |       ||     3
       Leather armour    |    20 |    15 ||    35
       Troll leather arm |       |    14 ||    14
Dodge: Dodged            |    58 |   100 ||   158

Table legend: (Time is in decaauts)
 A = Elapsed time spent in this place.
 B = Non-inter-level travel time spent in this place.
 C = Inter-level travel time spent in this place.
 D = Time resting spent in this place.
 E = Time spent auto-exploring this place.
 F = Levels seen in this place.
 G = Mean time per level.
                   A        B        C        D        E       F      G
               +--------+--------+--------+--------+--------+-----+--------+
         Total |   4425 |   4313 |    112 |    377 |   3162 |   4 | 1106.2 |
       Dungeon |   4425 |   4313 |    112 |    377 |   3162 |   4 | 1106.2 |
               +--------+--------+--------+--------+--------+-----+--------+

Top non-repeatable levels by time:
     D:3: 1445 daAuts
     D:1: 1411 daAuts
     D:2: 938 daAuts
     D:4: 630 daAuts
